 Dungeon Crawl Stone Soup version 0.19.1-1-g22dce08 (webtiles) character file.

37 ponk the Magician (level 3, 0/24 HPs)
             Began as a Mummy Wizard on Jan 9, 2017.
             Shot with a stone by a goblin (4 damage)
             ... on level 2 of the Dungeon.
             The game lasted 00:05:09 (1522 turns).

ponk the Magician (Mummy Wizard)                    Turns: 1522, Time: 00:05:10

Health: 0/24       AC:  2    Str: 10    XL:     3   Next: 21%
Magic:  8/8        EV: 12    Int: 18    God:
Gold:   31         SH:  0    Dex: 10    Spells: 1 memorised, 8 levels left

rFire  x . .     SeeInvis .     g - +0 hunting sling (curse)
rCold  + . .     Gourm    .     a - +0 robe
rNeg   + + +     Faith    .     (no shield)
rPois  ∞         Spirit   .     b - +0 hat
rElec  .         Reflect  .     (no cloak)
rCorr  .         Harm     .     (no gloves)
MR     .....                    (no boots)
Stlth  ++........               (no amulet)
                                (no ring)
                                (no ring)

@: no status effects
A: no food or potions, fire vulnerability, cold resistance 1, negative energy
resistance 3, torment resistance, unbreathing
a: no special abilities


You were on level 2 of the Dungeon.
You were not hungry.

You visited 1 branch of the dungeon, and saw 2 of its levels.

You collected 31 gold pieces.

Inventory:

Hand Weapons
 d - a +1 dagger
 g - a cursed +0 hunting sling (weapon)
Missiles
 f - 8 stones (quivered)
 h - 11 sling bullets
Armour
 a - a +0 robe (worn)
 b - a +0 hat (worn)
Scrolls
 e - 2 scrolls of identify {unknown}
Books
 c - a book of Minor Magic

   Spells                             Type                      Level
   a - Magic Dart                     Conjuration                  1
   b - Blink                          Translocation                2
   c - Call Imp                       Summoning                    2
   d - Repel Missiles                 Charms/Air                   2
   e - Slow                           Hexes                        2
   f - Conjure Flame                  Conjuration/Fire             3
   g - Mephitic Cloud                 Conjuration/Poison/Air       3


   Skills:
 + Level 0.1 Slings
 + Level 1.7 Dodging
 + Level 1.6 Stealth
 + Level 3.7 Spellcasting
 + Level 1.3 Conjurations
   Level 0.7 Summonings
   Level 0.7 Translocations


You had 8 spell levels left.
You knew the following spells:

 Your Spells              Type           Power        Failure   Level  Hunger
a - Magic Dart            Conj           #...         12%         1    N/A

Dungeon Overview and Level Annotations

Branches:
Dungeon (2/15)

Altars:


Innate Abilities, Weirdness & Mutations

You do not eat or drink.
Your flesh is vulnerable to fire.
You are immune to poison.
Your flesh is cold resistant. (rC+)
You are immune to negative energy. (rN+++)
You are immune to unholy pain and torment.
You can survive without breathing.


Message History

Aim: a goblin, wielding a hunting sling You shoot a stone.
The stone hits the goblin.
The goblin is severely wounded.
The goblin shoots a stone.
The stone hits you.
* * * LOW HITPOINT WARNING * * *
Firing (i - inventory. (,) - cycle):
f - 11 stones (quivered)
Press: ? - help, Shift-Dir - straight line, f/p - goblin
Aim: a goblin, wielding a hunting sling (severely wounded)
You shoot a stone. The stone closely misses the goblin.
Firing (i - inventory. (,) - cycle):
f - 10 stones (quivered)
Press: ? - help, Shift-Dir - straight line, f/p - goblin
Aim: a goblin, wielding a hunting sling (severely wounded)
You shoot a stone. The stone barely misses the goblin.
The goblin shoots a stone.
The stone misses you.
Firing (i - inventory. (,) - cycle):
f - 9 stones (quivered)
Press: ? - help, Shift-Dir - straight line, f/p - goblin
Aim: a goblin, wielding a hunting sling (severely wounded)
You shoot a stone. The stone misses the goblin.
The goblin shoots a stone.
The stone hits you.
You die...

.
..#############(
...........g((..
......#(@#
#......##
#......######
#....#......#
#....######.#####
#### #.....#
#.....# ....
#.....# #....####
#.....#


You could see a goblin.

Vanquished Creatures
  2 worms (D:2)
  2 leopard geckos (D:1)
  A ball python (D:1)
  2 giant cockroaches (D:1)
  5 goblins (D:1)
  2 hobgoblins
  3 kobolds
  A quokka (D:2)
  2 frilled lizards (D:1)
  9 rats
29 creatures vanquished.

Notes
Turn   | Place    | Note
-------+----------+-------------------------------------------
     0 | D:1      | ponk the Mummy Wizard began the quest for the Orb.
     0 | D:1      | Reached XP level 1. HP: 13/13 MP: 4/4
   332 | D:1      | Reached XP level 2. HP: 19/19 MP: 3/6
   458 | D:1      | Reached skill level 1 in Conjurations
  1123 | D:2      | Reached XP level 3. HP: 17/24 MP: 0/8
  1522 | D:2      | Shot with a stone by a goblin

Skill      XL: |  1  2 |
---------------+-------+-----
Conjurations   | 1 |  1.3
Slings         | |  0.1
Dodging        | |  1.7
Stealth        | |  1.6
Spellcasting   | |  3.7
Summonings     | |  0.7
Translocations | |  0.7

Action                   || total
-------------------------++-------
 Fire: Hunting sling     ||    38
 Cast: Magic Dart        ||    62
  Use: Scroll            ||     1
Armor: Robe              ||     7
Dodge: Dodged            ||    15
